 Dungeon Crawl Stone Soup version 0.32-a0-683-ge26c5dbc97 (webtiles) character file.

Game seed: 14259597231504738594

149 Depression the Cudgeller (level 5, -4/39 (46) HPs)
             Began as a Mountain Dwarf Reaver on Mar 12, 2024.
             Killed from afar by an orc wizard (11 damage)
             ... with a magic dart
             ... on level 3 of the Dungeon.
             The game lasted 00:15:21 (1938 turns).

Depression the Cudgeller (Mountain Dwarf Reaver)    Turns: 1938, Time: 00:15:22

HP:   -4/39 (46)    AC:  6    Str: 14    XL:     5   Next: 9%
MP:   4/8           EV: 11    Int: 14    God:
Gold: 179           SH:  0    Dex: 10    Spells: 2/8 levels left

rFire   . . .        n - +4 quarterstaff (chaos)
rCold   . . .        (shield currently unavailable)
rNeg    + . .        b - +0 leather armour
rPois   .            f - +2 hat
rElec   .            o - +0 cloak {rCorr} {rCorr}
rCorr   +            (no gloves)
SInv    .            (no boots)
Will    .....        (no amulet)
Stlth   +            c - ring of positive energy {rN+}
HPRegen 0.26/turn    (no ring)
MPRegen 0.11/turn

%: no passive effects
@: heavily drained
A: runic magic, artefact enchanting
a: no special abilities


You were on level 3 of the Dungeon.
You visited 1 branch of the dungeon, and saw 3 of its levels.

You collected 179 gold pieces.

Inventory:

Hand Weapons
 a - a +0 mace
 l - a +0 whip of flaming
 n - a +4 quarterstaff of chaos (weapon)
 p - a +0 hammer
Armour
 b - a +0 leather armour (worn)
 f - a +2 hat (worn)
 o - a +0 cloak of preservation (worn) {rCorr}
Jewellery
 c - a ring of positive energy (left hand) {rN+}
Scrolls
 d - a scroll of teleportation {unknown}
 e - a scroll of torment {unknown}
 h - a scroll of poison {unknown}
 i - 2 scrolls of identify {unknown}
 k - a scroll of amnesia {unknown}
Potions
 g - a potion of heal wounds
 j - a potion of invisibility {unknown}
 m - a potion of ambrosia {unknown}


   Skills:
 + Level 3.8 Fighting
 + Level 5.6 Maces & Flails
 - Level 1.3 Dodging
 - Level 2.0 Spellcasting
 - Level 3.0 Conjurations


You had 2 spell levels left.
You knew the following spells:

 Your Spells              Type           Power      Damage    Failure   Level
a - Kiss of Death         Conj/Necr      20%        2d7       13%         1
b - Momentum Strike       Conj/Tloc      10%        3d8       21%         2
c - Hailstorm             Conj/Ice       5%         3d5       36%         3

Your spell library contained the following spells:

 Spells                   Type           Power      Damage    Failure   Level


Dungeon Overview and Level Annotations

Branches:
Dungeon (3/15) Zot: 16036

Altars:
Xom


Innate Abilities, Weirdness & Mutations

Your spellcasting is much less encumbered by armour.
You can use scrolls of enchantment on lesser artefacts.


Message History

You hit the endoplasm.
You kill the endoplasm!
Casting: Kiss of Death (safe; 13% risk of failure)
Confirm with . or Enter, or press ? or * to list all spells.
Casting: Hailstorm (quite dangerous; 36% risk of failure)
Press: ? - help, Dir - look around, f - activate A cannonade of hail descends around you!
The hail pelts the quokka!
You kill the quokka!
A puff of flame appears from out of thin air!
The puff of flame hits something!
You hear some strange, mumbled words.
A magic dart appears from out of thin air!
The magic dart hits you.
You have reached level 5!
You now have 4/8 mp.
You barely miss something. The bat completely misses you.
Something hits you but does no damage.
You hit something. The bat barely misses you. Something hits you.
* * * LOW HITPOINT WARNING * * *
Something hits you.
* * * LOW HITPOINT WARNING * * *
You take 5 damage, and have 12/38 hp.
You barely miss the bat. The bat closely misses you.
Something hits you but does no damage.
You hit something.
Reactivating autopickup.
You feel a bit more experienced. The bat hits you but does no damage.
A magic dart appears from out of thin air!
Deactivating autopickup; reactivate with Ctrl-A.
The magic dart hits you.
* * * LOW HITPOINT WARNING * * *
You take 5 damage, and have 7/39 hp.
You closely miss the bat. The bat hits you but does no damage.
Something hits you but does no damage.
You miss something. The bat hits you but does no damage.
You hear some strange, mumbled words.
A magic dart appears from out of thin air!
The magic dart hits you!
You die...

.# ## #.# .. ... <.#
####.# ##.. .## ##....#
#.). .# ##..#### #..
.####..## #.. <..##.###
#K# ...#....# #{# ######
...#..#.########@# ......
...>..........##b##......
...#....#####..#.#.......
...#.#########..†....o...
...........# #.##....[...
...........# #.##..J.....
##.........# #.###.......
##.........# #.. .......
##.........# ### ......)


You could see a bat and a kobold.

Vanquished Creatures
  Crazy Yiuf (D:2)
  Jessica (D:2)
  An orc wizard (D:3)
  2 adders (D:2)
  A dart slug (D:1)
  3 ribbon worms
  2 orcs (D:3)
  A ball python (D:1)
  5 endoplasms
  4 giant cockroaches
  5 hobgoblins
  4 jackals (D:1)
  5 kobolds
  3 quokkas
  4 bats
  A frilled lizard (D:1)
  6 goblins
  3 rats (D:1)
52 creatures vanquished.

Notes
Turn   | Place    | Note
-------+----------+-------------------------------------------
     0 | D:1      | Depression the Mountain Dwarf Reaver began the quest for
                  | the Orb.
     0 | D:1      | Reached XP level 1. HP: 17/17 MP: 3/3
    73 | D:1      | Reached XP level 2. HP: 24/25 MP: 4/4
   129 | D:1      | Reached skill level 4 in Maces & Flails
   174 | D:1      | Reached skill level 2 in Spellcasting
   238 | D:1      | Learned a level 2 spell: Momentum Strike
   936 | D:2      | Reached skill level 3 in Conjurations
   936 | D:2      | Reached XP level 3. HP: 27/28 MP: 6/6
   956 | D:2      | Found a runed translucent door.
  1307 | D:2      | Found a faded altar of an unknown god.
  1405 | D:2      | Noticed Jessica
  1424 | D:2      | Killed Jessica
  1425 | D:2      | Reached skill level 3 in Fighting
  1425 | D:2      | Reached skill level 5 in Maces & Flails
  1425 | D:2      | Reached XP level 4. HP: 28/38 MP: 4/7
  1611 | D:2      | Found a shimmering altar of Xom.
  1733 | D:2      | Noticed Crazy Yiuf
  1740 | D:2      | Learned a level 3 spell: Hailstorm
  1746 | D:2      | Killed Crazy Yiuf
  1933 | D:3      | Reached XP level 5. HP: 16/38 MP: 4/8
  1936 | D:3      | HP: 7/38 [something/magic dart (6)]
  1938 | D:3      | Killed from afar by an orc wizard

Illustrated notes

Levels and vault maps discovered:
D:1:      minmay_arrival_three_doors, layout_basic
D:2:      cheibrodos_helix_gallery, layout_basic,
          chequers_ecumenical_altar_lobes, basic_altar, uniq_crazy_yiuf_cottage,
          uniq_jessica
D:3:      layout_basic

Skill      XL: |  1  2  3 |
---------------+----------+-----
Maces & Flails | 4 5 |  5.6
Spellcasting   | 2 |  2.0
Conjurations   | 3 |  3.0
Fighting       | 3 |  3.8
Dodging        | |  1.3

Action                     |  1- 3 |  4- 6 || total
---------------------------+-------+-------++-------
  Melee: Mace              |   100 |    12 ||   112
         Quarterstaff      |       |    27 ||    27
         Whip              |       |    17 ||    17
   Cast: Kiss of Death     |     1 |     2 ||     3
         Momentum Strike   |     2 |       ||     2
         Hailstorm         |       |     1 ||     1
    Use: Potion            |       |     1 ||     1
 Armour: Leather armour    |    66 |    41 ||   107
  Dodge: Dodged            |    50 |    35 ||    85

Table legend: (Time is in decaauts)
 A = Elapsed time spent in this place.
 B = Non-inter-level travel time spent in this place.
 C = Inter-level travel time spent in this place.
 D = Time resting spent in this place.
 E = Time spent auto-exploring this place.
 F = Levels seen in this place.
 G = Mean time per level.
                   A        B        C        D        E       F      G
               +--------+--------+--------+--------+--------+-----+--------+
         Total |   1962 |   1922 |     40 |    167 |    524 |   3 |  654.0 |
       Dungeon |   1962 |   1922 |     40 |    167 |    524 |   3 |  654.0 |
               +--------+--------+--------+--------+--------+-----+--------+

Top non-repeatable levels by time:
     D:2: 921 daAuts
     D:1: 908 daAuts
     D:3: 131 daAuts
